 Dungeon Crawl Stone Soup version 0.28-a0-1084-ga282ea246d (webtiles) character file.

Game seed: 3473828774259903308

353 ChaosChampion the Insei (level 6, -5/38 HPs)
             Began as an Octopode Transmuter on Dec 10, 2021.
             Slain by Duvessa (14 damage)
             ... on level 4 of the Dungeon.
             The game lasted 00:06:10 (3015 turns).

ChaosChampion the Insei (Octopode Transmuter)       Turns: 3015, Time: 00:06:11

Health: -5/38      AC:  2    Str: 10    XL:     6   Next: 62%
Magic:  6/9        EV: 19    Int: 17    God:
Gold:   92         SH:  0    Dex: 17    Spells: 3/9 levels left

rFire   . . .      SeeInvis .     - Unarmed
rCold   . . .      Faith    .   (shield currently unavailable)
rNeg    . . .      Spirit   .   (helmet currently unavailable)
rPois   x          Reflect  .   (no amulet)
rElec   .          Harm     .   (no ring)
rCorr   .          Rampage  .   (no ring)
Will    .....                   (no ring)
Stlth   ++........              (no ring)
HPRegen 0.12/turn               (no ring)
MPRegen 0.11/turn               (no ring)
                                (no ring)
                                (no ring)

@: spider-form
A: venomous fangs, almost no armour, (amphibious), 8 rings, tiny, (camouflage
1), (gelatinous body 1), (nimble swimmer 1), (tentacles)
a: End Transformation


You were on level 4 of the Dungeon.
You were a venomous arachnid creature.
You visited 1 branch of the dungeon, and saw 4 of its levels.

You collected 92 gold pieces.

Inventory:

Jewellery
 g - an amulet of faith
Wands
 f - a wand of paralysis (5)
Scrolls
 a - 5 scrolls of teleportation {unknown}
 c - a scroll of enchant armour {unknown}
 d - a scroll of noise {unknown}
 e - 2 scrolls of identify {unknown}
 l - a scroll of silence {unknown}
Potions
 b - a potion of haste {unknown}
 h - 2 potions of curing {unknown}
 i - a potion of mutation {unknown}
 j - 3 potions of heal wounds {unknown}
 k - a potion of attraction {unknown}
 m - a potion of lignification {unknown}


   Skills:
 - Level 1.0 Fighting
 - Level 2.0 Dodging
 * Level 7.2 Unarmed Combat
 - Level 2.0 Spellcasting
 - Level 2.0 Transmutations


You had 3 spell levels left.
You knew the following spells:

 Your Spells              Type           Power      Damage    Failure   Level
a - Beastly Appendage     Tmut           16%        N/A       22%         1
b - Wereblood             Tmut           8%         N/A       30%         2
c - Spider Form           Tmut/Pois      5%         N/A       58%         3

Your spell library contained the following spells:

 Spells                   Type           Power      Damage    Failure   Level
 Corpse Rot               Necr/Air       2%         N/A       50%         2
 Ice Form                 Ice/Tmut       5%         N/A       90%         4
 Dispel Undead            Necr           1%         3d6       96%         4
 Death Channel            Necr           0%         N/A       100%        6


Dungeon Overview and Level Annotations

Branches:
Dungeon (4/15)
 Temple: D:4-7

Altars:
The Shining One

Shops:
D:1 (   D:4 **[

Annotations:
D:4 2 transporters, Duvessa; fritzmikael's ghost, novice DjTm


Innate Abilities, Weirdness & Mutations

You are a venomous arachnid creature.
You have poisonous fangs.
You are tiny and dextrous.
Your spellcasting is less reliable in this form.
Your armour is entirely melded.
You are incapable of wielding weapons or throwing items.
You cannot wear most types of armour.
((You are amphibious.))
You can wear up to eight rings at the same time.
((Your skin changes colour to match your surroundings (Stealth+).))
((Your rubbery body absorbs attacks. (AC +1, EV +1)))
((You are camouflaged near water. (Stealth+)))
((You have tentacles for arms and can constrict up to eight enemies at once.))


Message History

No target in view!
You now have 92 gold pieces (gained 10).
Dowan, Brother of Duvessa comes into view.
He is wielding a +0 dagger.
Dowan is nearby!
Dowan is nearby!
Dowan is nearby!
Dowan is nearby!
Duvessa, Sister of Dowan comes into view.
She is wielding a +0 rapier.
A hound skeleton comes into view.
A goblin comes into view. It is wielding a +0 dagger.
Dowan shouts!
Duvessa shouts!
An adder comes into view.
Dowan hits you with a +0 dagger.
The goblin shouts!
You tentacle-slap Dowan. You grab Dowan. You squeeze Dowan.
Dowan is heavily wounded.
You constrict Dowan. Dowan hits you with a +0 dagger.
You tentacle-slap Dowan but do no damage.
Dowan is heavily wounded.
You constrict Dowan.
The hound skeleton bites you but does no damage.
Dowan closely misses you.
You bludgeon Dowan! You squeeze Dowan.
You kill Dowan!
Duvessa screams in rage.
Duvessa goes berserk!
Casting: Beastly Appendage (safe; 9% risk of failure)
Confirm with . or Enter, or press ? or * to list all spells.
The spell is quite dangerous to miscast (36% risk of failure)!
Continue anyway?
Uppercase [Y]es or [N]o only, please.
The spell is quite dangerous to miscast (36% risk of failure)!
Continue anyway?
You turn into a venomous arachnid creature.
Duvessa closely misses you.
You hit Duvessa but do no damage.
Duvessa is poisoned.
The hound skeleton misses you. Duvessa hits you with a +0 rapier!
You hit Duvessa but do no damage.
Duvessa looks even sicker.
Duvessa hits you with a +0 rapier! The hound skeleton bites you.
* * * LOW HITPOINT WARNING * * *
Duvessa hits you with a +0 rapier!
You die...

..#. #.... ......
#.....#.#### #.... ......
#..........# #.... ......
#..........# #....
......##..........###....
.........###(............
...............(.........
......)Z.#....#..........
......ges................
.......S......#......##.#
#####.#.#...?.#......# .#
.....#.....#......##.#
.......#.....#......##.#
........###...#......##.#
.............##......##.#
.......<...†.........##.#
........##..........##.#


You could see Duvessa (berserk, very poisoned), an adder, a goblin and a hound
skeleton.

Vanquished Creatures
  Sigmund (D:2)
  Dowan (D:4)
  A centaur skeleton (D:4)
  A hound (D:4)
  4 dart slugs
  An orc (D:4)
  4 ball pythons
  8 bats
  8 endoplasms
  3 giant cockroaches
  5 hobgoblins
  3 jackals (D:3)
  12 kobolds
  5 quokkas
  2 frilled lizards
  13 goblins
  5 rats
77 creatures vanquished.

Notes
Turn   | Place    | Note
-------+----------+-------------------------------------------
     0 | D:1      | ChaosChampion the Octopode Transmuter began the quest for
                  | the Orb.
     0 | D:1      | Reached XP level 1. HP: 13/13 MP: 3/3
   157 | D:1      | Reached XP level 2. HP: 10/18 MP: 3/5
   354 | D:1      | Found Efont's Antique Weapon Shoppe.
   614 | D:1      | Reached skill level 4 in Unarmed Combat
   985 | D:2      | Reached XP level 3. HP: 23/23 MP: 4/6
  1764 | D:2      | Noticed Sigmund
  1774 | D:2      | Learned a level 2 spell: Wereblood
  1778 | D:2      | Learned a level 3 spell: Spider Form
  1805 | D:2      | Killed Sigmund
  1806 | D:2      | Reached skill level 6 in Unarmed Combat
  1806 | D:2      | Reached XP level 4. HP: 24/28 MP: 2/7
  1806 | D:2      | Reached XP level 5. HP: 28/33 MP: 2/8
  2003 | D:3      | Found a glowing golden altar of the Shining One.
  2332 | D:3      | Reached XP level 6. HP: 38/38 MP: 9/9
  2756 | D:4      | Found Musk's Armour Shop.
  2806 | D:4      | Found a transporter.
  2809 | D:4      | Found a transporter.
  2809 | D:4      | Noticed fritzmikael's ghost (novice DjTm)
  2853 | D:4      | Found Dousiyny's General Store.
  2855 | D:4      | Found Poeb's Specific Store.
  2895 | D:4      | Reached skill level 7 in Unarmed Combat
  3003 | D:4      | Noticed Dowan
  3006 | D:4      | Noticed Duvessa
  3011 | D:4      | Killed Dowan
  3015 | D:4      | Slain by Duvessa

Illustrated notes

Levels and vault maps discovered:
D:1:      amcnicky_arrival_single_pillar, layout_loops_ring, serial_shops, shop
D:2:      layout_loops_ring, minmay_surrounded, uniq_sigmund
D:3:      minmay_spotlight, layout_basic, tso_oasis_becter
D:4:      layout_basic, gammafunk_ghost_arena, serial_shops,
          nicolae_shop_behind_doors, dk_vineyard_3, nicolae_specific_store,
          uniq_duvessa

Skill      XL: |  1  2  3  4  5  6 |
---------------+-------------------+-----
Unarmed Combat | 4 6 7 |  7.2
Fighting       | |  1.0
Dodging        | |  2.0
Spellcasting   | |  2.0
Transmutations | |  2.0

Action                   |  1- 3 |  4- 6 || total
-------------------------+-------+-------++-------
Melee: Unarmed           |    81 |    81 ||   162
       Constrict         |    22 |    12 ||    34
       Tentacles         |    12 |    10 ||    22
       Kick              |     6 |       ||     6
       Punch             |     1 |     1 ||     2
 Cast: Beastly Appendage |     7 |     3 ||    10
       Wereblood         |     1 |     1 ||     2
       Spider Form       |     1 |     2 ||     3
 Stab: Sleeping          |     9 |     6 ||    15
Armor: Skin              |     5 |     3 ||     8
Dodge: Dodged            |    60 |    60 ||   120

Table legend: (Time is in decaauts)
 A = Elapsed time spent in this place.
 B = Non-inter-level travel time spent in this place.
 C = Inter-level travel time spent in this place.
 D = Time resting spent in this place.
 E = Time spent auto-exploring this place.
 F = Levels seen in this place.
 G = Mean time per level.
                   A        B        C        D        E       F      G
               +--------+--------+--------+--------+--------+-----+--------+
         Total |   2998 |   2962 |     36 |      0 |   2266 |   4 |  749.5 |
       Dungeon |   2998 |   2962 |     36 |      0 |   2266 |   4 |  749.5 |
               +--------+--------+--------+--------+--------+-----+--------+

Top non-repeatable levels by time:
     D:2: 996 daAuts
     D:1: 978 daAuts
     D:3: 723 daAuts
     D:4: 300 daAuts
